 Dungeon Crawl Stone Soup version 0.31-a0-1591-g515db51633 (webtiles) character file.

Game seed: 4211943755957766039

9404 Laraso the Bludgeoner (level 11, -4/81 HPs)
             Began as an Armataur Delver on Jan 6, 2024.
             Was an Initiate of Ashenzari.
             Killed by divine providence
             ... invoked by an orc priest
              (15 damage)
             ... on level 10 of the Dungeon.
             The game lasted 00:22:01 (10099 turns).

Laraso the Bludgeoner (Armataur Delver)            Turns: 10099, Time: 00:22:02

Health: -4/81      AC:  7    Str: 14 (17) XL:     11   Next: 22%
Magic:  11/11      EV:  7    Int: 18      God:    Ashenzari [......]
Gold:   391        SH:  5    Dex: 16      Spells: 10/10 levels left

rFire   . . .        d - +7 great mace "Avoischi" {venom, rCorr Int+3 Dex+4}
rCold   + . .        (shield currently unavailable)
rNeg    . . .        F - +0 scale mail {rC+}
rPois   .            (no helmet)
rElec   .            (no cloak)
rCorr   +            j - +0 pair of gloves of Desmomancy {Melee, Sorc} (curse)
SInv    .            (no barding)
Will    .....        s - amulet of reflection
Stlth   ++           (no ring)
HPRegen 1.13/turn    (no ring)
MPRegen 0.12/turn

%: reflection, clarity, roll
@: mighty
A: large, deformed body, tough skin 3, armoured tail, roll 2, clarity,
deterioration 1, regeneration 1
a: Renounce Religion, Curse Item, Shatter the Chains


You were on level 10 of the Dungeon.
You worshipped Ashenzari.
Ashenzari was noncommittal.
You visited 2 branches of the dungeon, and saw 11 of its levels.
You also visited: Sewer and Bailey.

You collected 486 gold pieces.
You spent 95 gold pieces at shops.

Inventory:

Hand Weapons
 d - the +7 great mace "Avoischi" (weapon) {venom, rCorr Int+3 Dex+4}
   (You acquired it in a bailey)

   Int+3:     It affects your intelligence (+3).
   Dex+4:     It affects your dexterity (+4).
   rCorr:     It protects you from acid and corrosion.
Missiles
 D - 6 atropa-tipped darts (quivered)
 E - 2 throwing nets
Armour
 j - the cursed +0 pair of gloves of Desmomancy (worn) {Melee, Sorc}
   (You found it on level 1 of the Dungeon)

   It has a curse which improves the following skills: Melee Combat: Short
   Blades, Long Blades, Axes, Maces & Flails, Polearms, Staves and Unarmed
   Combat.
   Sorcery:   Conjurations and Alchemy.
 F - a +0 scale mail of cold resistance (worn)
Jewellery
 s - an amulet of reflection (around neck)
 w - an amulet of the acrobat
Wands
 g - a wand of digging (3)
 m - a wand of mindburst (8)
 x - a wand of flame (13)
 C - a wand of roots (2)
 M - a wand of charming (3)
Scrolls
 a - a scroll of amnesia {unknown}
 c - a scroll of fog
 e - a scroll of fear
 f - 4 scrolls of immolation
 h - a scroll of summoning
 n - 5 scrolls of enchant armour
 p - 2 scrolls of torment
 r - a scroll of vulnerability {unknown}
 v - a scroll of blinking {unknown}
 y - 4 scrolls of enchant weapon
 z - 7 scrolls of teleportation
 J - 3 scrolls of revelation
Potions
 i - 2 potions of cancellation
 l - 4 potions of brilliance
 o - a potion of berserk rage {unknown}
 q - 2 potions of attraction
 t - a potion of curing
 A - 2 potions of degeneration {unknown}
 G - 2 potions of might
 H - 2 potions of resistance {unknown}
 I - 3 potions of magic {unknown}
 K - 4 potions of haste
 L - 2 potions of heal wounds {unknown}


   Skills:
 - Level 2.6 Fighting
 * Level 15.5(15.9) Maces & Flails
 - Level 1.3 Dodging
 - Level 5.4 Stealth
 - Level 4.0 Evocations


You had 10 spell levels left.
You didn't know any spells.
Your spell library contained the following spells:

 Spells                   Type           Power      Damage    Failure   Level
 Freeze                   Ice            0%         1d3       69%         1
 Slow                     Hex            0%         N/A       69%         1
 Frozen Ramparts          Ice            0%         1d1       96%         3
 Hailstorm                Conj/Ice       0%         3d5       96%         3
 Volatile Blastmotes      Fire/Tloc      0%         2d10      96%         3
 Fulminant Prism          Conj/Alch      0%         3d5       100%        4
 Iskenderun's Mystic Bla  Conj/Tloc      0%         2d3       100%        4
 Leda's Liquefaction      Alch/Erth      0%         N/A       100%        4
 Petrify                  Alch/Erth      0%         N/A       100%        4
 Irradiate                Conj/Alch      0%         3d11      100%        5
 Metabolic Englaciation   Hex/Ice        0%         N/A       100%        5
 Lehudib's Crystal Spear  Conj/Erth      0%         10d2      100%        8


Dungeon Overview and Level Annotations

Branches:
Dungeon (10/15)            Temple (1/1) D:5            Lair (0/5) D:10
    Orc (0/2) D:10          Sewer (visited)          Bailey (visited)

Altars:
Ashenzari
Cheibriados
Dithmenos
Elyvilon
Fedhas
Gozag
Hepliaklqana
Kikubaaqudgha
Makhleb
Nemelex Xobeh
Okawaru
Qazlal
Sif Muna
Trog
Uskayaw
Vehumet
Wu Jian
Xom
Yredelemnul
Zin
The Shining One

Shops:
D:2 *   D:4 *   D:7 =   D:9 *

Annotations:
D:5 3 runed translucent doors, jasper's ghost, novice DsCA
D:7 2 transporters, pokeman's ghost, novice DEHW


Innate Abilities, Weirdness & Mutations

Armour fits poorly on your strangely shaped body.
You have extremely tough skin. (AC +3)
You have a long armoured tail.
You regenerate magic and health when rolling toward enemies. (Rampage Regen)
You possess an exceptional clarity of mind.
Your body sometimes deteriorates upon taking damage.
Your natural rate of healing is unusually fast.


Message History

You hit the warg but do no damage.
Your tail-slap misses the warg.
The warg bites you. The warg bites you but does no damage.
You sock the warg! You tail-slap the warg.
The warg is heavily wounded.
The warg stops to sniff the ground.
The warg bites you!!
You completely miss the warg.
The warg is heavily wounded.
The warg bites you!
You bludgeon the warg!!
You kill the warg!
You feel very mighty all of a sudden. The warg bites you!
The warg barely misses you.
You barely miss the warg. You block the warg's attack.
You sock the warg!
The warg is heavily wounded.
You block the warg's attack. The warg bites you but does no damage.
You closely miss the warg.
The warg is heavily wounded.
You block the warg's attack.
You sock the warg!
The warg is severely wounded.
The warg bites you!
You closely miss the warg.
The warg is severely wounded.
The warg bites you!
* * * LOW HITPOINT WARNING * * *
The warg bites you.
* * * LOW HITPOINT WARNING * * *
You hit the warg.
The warg is poisoned.
The warg is almost dead.
The warg bites you!
* * * LOW HITPOINT WARNING * * *
Your body deteriorates!
You feel weakened.
You barely miss the warg.
Your tail-slap misses the warg.
The warg is almost dead.
You kill the warg!
The orc priest calls down the wrath of Beogh upon you.
Beogh smites you!
You die...

.......#. ........##.......
......##.##########'#........
......#...##........##........
####..#.......####...###..#...
...#.##....8.##o.##.8.# ....
...#.#>......'.o).+...#
####.##....8)## ##.8.#
...#..#.......####...##
...#..#...##..o†@...##
...#.†##.##########'#
...#..<#..##........##
########......####...##.#..
...# ##....##..##.........
...# #........).......... ####
##...##..##....###..
##...####...##... ###.......##
....


You could see an orc priest.

Vanquished Creatures
  Pikel (D:8)
  An orc knight (Bailey)
  The ghost of zenocrate the Covert, a novice VSEn of Gozag (D:8)
  An elephant (D:10)
  5 centaur zombies (D:10)
  A troll (D:10)
  A wraith (D:10)
  2 wyverns (D:10)
  A basilisk (D:9)
  5 yaks (D:10)
  2 wargs (D:10)
  5 steam dragons
  An acid dragon (D:9)
  2 black bears
  2 ice beasts (D:5)
  5 orc warriors
  An ogre (D:5)
  2 centaurs
  3 lemures (D:8)
  A kobold brigand (D:8)
  4 bullfrogs
  3 necrophages (D:10)
  3 scorpions
  A gnoll sergeant (D:9)
  A wight (D:10)
  5 killer bees (D:9)
  8 howler monkeys
  A bombardier beetle (D:6)
  A human zombie (D:10)
  2 gnoll boudas
  A jelly (D:6)
  7 orc priests
  Jessica (D:2)
  5 iguanas
  A sleepcap (D:6)
  8 orc wizards
  2 howler monkey zombies (D:10)
  18 gnolls
  14 adders
  2 river rats (Sewer)
  3 shadow imps
  9 white imps
  4 ufetubi
  3 dart slugs (D:1)
  7 ribbon worms
  45 orcs
  8 ball pythons
  10 endoplasms
  3 giant cockroaches
  8 goblins
  3 hobgoblins
  12 jackals
  6 quokkas
  4 bats
  3 frilled lizards
  12 kobolds
  11 rats
282 creatures vanquished.

Notes
Turn   | Place    | Note
-------+----------+-------------------------------------------
     0 | D:5      | Laraso the Armataur Delver began the quest for the Orb.
     0 | D:5      | Reached XP level 1. HP: 18/18 MP: 1/1
    46 | D:5      | Reached skill level 2 in Maces & Flails
    66 | D:5      | Reached XP level 2. HP: 20/25 MP: 2/2
    68 | D:5      | Found a glowing drain.
    85 | Sewer    | Entered a sewer
   112 | Sewer    | Reached skill level 3 in Maces & Flails
   158 | Sewer    | Noticed a kobold brigand
   173 | Sewer    | Reached XP level 3. HP: 30/30 MP: 3/3
   547 | Sewer    | Noticed a kobold brigand
   606 | Sewer    | Noticed a brain worm
   610 | Sewer    | Noticed a kobold brigand
   683 | Sewer    | Noticed a brain worm
   799 | D:4      | Reached XP level 4. HP: 37/37 MP: 4/4
   805 | D:5      | Reached skill level 4 in Maces & Flails
  1038 | D:2      | Noticed Jessica
  1052 | D:2      | Killed Jessica
  1317 | D:1      | Reached XP level 5. HP: 39/42 MP: 5/5
  1565 | D:1      | Found a faded altar of an unknown god.
  1610 | D:1      | Reached skill level 5 in Maces & Flails
  2170 | D:2      | Found Zuifrupp's General Store.
  2757 | D:3      | Reached XP level 6. HP: 15/48 MP: 6/6
  2978 | D:3      | Reached skill level 6 in Maces & Flails
  3338 | D:4      | Found Tiellipu's General Store.
  3351 | D:4      | Bought a scroll of identify for 20 gold pieces
  3351 | D:4      | Bought a scroll of enchant armour for 75 gold pieces
  4217 | D:4      | Reached skill level 7 in Maces & Flails
  4217 | D:4      | Gained mutation: You regenerate magic and health when
                  | rolling toward enemies. (Rampage Regen) [Armataur growth]
  4217 | D:4      | Reached XP level 7. HP: 54/56 MP: 7/7
  4372 | D:5      | Noticed jasper's ghost (novice DsCA)
  4500 | D:5      | Reached skill level 8 in Maces & Flails
  4540 | D:5      | Found a runed translucent gate.
  4540 | D:5      | Found a runed translucent gate.
  4540 | D:5      | Found a runed translucent gate.
  4542 | D:5      | Found a staircase to the Ecumenical Temple.
  4555 | Temple   | Found a transporter.
  4555 | Temple   | Found a transporter.
  4555 | Temple   | Found a transporter.
  4555 | Temple   | Found a transporter.
  4555 | Temple   | Entered the Ecumenical Temple
  4590 | Temple   | Became a worshipper of Ashenzari the Shackled
  4792 | D:5      | Reached XP level 8. HP: 42/62 MP: 8/8
  5349 | D:6      | Reached skill level 9 in Maces & Flails
  5355 | D:6      | Reached skill level 1 in Evocations
  5615 | D:6      | Identified the +7 short sword "Pubimirgh" {flame, rElec
                  | rPois Int+3 SInv}
  6713 | D:7      | Reached skill level 10 in Maces & Flails
  6739 | D:7      | Reached XP level 9. HP: 37/68 MP: 9/9
  6955 | D:7      | Found Jienej's Jewellery Emporium.
  6963 | D:7      | Got the Compendium of Ensnaring Violence
  6987 | D:7      | Noticed a moth of wrath
  7089 | D:7      | Found a transporter.
  7090 | D:7      | Found a bloodstained altar of Trog.
  7091 | D:7      | Noticed pokeman's ghost (novice DEHW)
  7097 | D:7      | Found a transporter.
  7425 | D:8      | Noticed zenocrate's ghost (novice VSEn)
  7429 | D:8      | Found a flagged portal.
  7431 | D:8      | Found a runed translucent gate.
  7431 | D:8      | Found a runed translucent gate.
  7441 | Bailey   | Entered a bailey
  7652 | Bailey   | Noticed an orc knight
  7682 | Bailey   | Killed an orc knight
  7683 | Bailey   | Reached skill level 11 in Maces & Flails
  7859 | Bailey   | Acquired the +7 great mace "Avoischi" {venom, rCorr Int+3
                  | Dex+4}
  7962 | D:8      | Found a runed translucent gate.
  8132 | D:8      | Gained mutation: Your magical capacity is low. (-10% MP)
                  | [potion of mutation]
  8133 | D:8      | Lost mutation: Your magical capacity is low. (-10% MP)
                  | [potion of mutation]
  8133 | D:8      | Gained mutation: You are frail. (-10% HP) [potion of
                  | mutation]
  8133 | D:8      | Gained mutation: You have very sharp teeth. [potion of
                  | mutation]
  8134 | D:8      | Lost mutation: You are frail. (-10% HP) [potion of
                  | mutation]
  8134 | D:8      | Lost mutation: You have very sharp teeth. [potion of
                  | mutation]
  8134 | D:8      | Gained mutation: You possess an exceptional clarity of
                  | mind. [potion of mutation]
  8134 | D:8      | Gained mutation: Your body sometimes deteriorates upon
                  | taking damage. [potion of mutation]
  8134 | D:8      | Gained mutation: Your natural rate of healing is unusually
                  | fast. [potion of mutation]
  8188 | D:8      | Found a stormy altar of Qazlal.
  8529 | D:8      | Reached skill level 12 in Maces & Flails
  8536 | D:8      | Identified the +2 leather armour "Sydiacil" {Regen+}
  8647 | D:8      | Noticed Pikel
  8666 | D:8      | Killed Pikel
  8694 | D:8      | Reached XP level 10. HP: 74/74 MP: 10/10
  8807 | D:8      | Killed zenocrate's ghost
  8808 | D:8      | Reached skill level 13 in Maces & Flails
  8940 | D:9      | Found Boeng's CLEARANCE SALE!.
  9298 | D:10     | Entered Level 10 of the Dungeon
  9336 | D:10     | Found a basalt altar of Yredelemnul.
  9385 | D:10     | Reached skill level 14 in Maces & Flails
  9522 | D:10     | Reached skill level 15 in Maces & Flails
  9522 | D:10     | Reached XP level 11. HP: 15/81 MP: 11/11
  9586 | D:10     | Found a staircase to the Lair.
 10069 | D:10     | Found a staircase to the Orcish Mines.
 10099 | D:10     | Killed from afar by an orc priest

Illustrated notes

Levels and vault maps discovered:
D:1:      lightli_arrival_lavapool, layout_rooms, shapermc_ecumenical_altar_venn
D:2:      layout_basic, serial_shops, nicolae_shop_stone, grunt_ministairs_6,
          item_on_display_a, uniq_jessica
D:3:      layout_rooms
D:4:      layout_gridville, serial_shops, nicolae_diamond_shop, serial_demonic,
          serial_demonic_g, serial_demonic_g, serial_demonic_f,
          serial_demonic_c, serial_demonic_d
D:5:      layout_loops_cross, nicolae_overflow_hidden_temple, temple_statues,
          gup_sewer_entry_bubbles, gammafunk_ghost_split
D:6:      layout_basic
D:7:      layout_rooms, serial_shops, nicolae_shop_gaudy_bauble,
          gammafunk_ghost_wrathful_warriors
D:8:      layout_loops_ring, nicolae_qazlal_scattered_showers,
          gammafunk_ghost_split, enter_bailey_2,
          nicolae_kite_square_tiling_tiny, hangedman_decor_clover_reticule,
          minmay_misc_feat_tower, uniq_pikel
D:9:      layout_roguey, nicolae_shop_clearance
D:10:     layout_grid_maze, lemuel_mausoleum_altar_yredelemnul,
          david_lair_generic, david_orc_1_choice
Temple:   hellmonk_temple_divided_pantheon

Skill      XL: |  1  2  3  4  5  6  7  8  9 10 |
---------------+-------------------------------+-----
Maces & Flails | 2 3 4 5 7 8 10 12 15 | 15.5
Evocations     | 4 |  4.0
Fighting       | |  2.6
Dodging        | |  1.3
Stealth        | |  5.4

Action                     |  1- 3 |  4- 6 |  7- 9 | 10-12 || total
---------------------------+-------+-------+-------+-------++-------
  Melee: Mace              |    88 |   330 |   374 |       ||   792
         Tailslap          |    10 |    33 |    44 |    30 ||   117
         Punch             |       |     2 |     4 |       ||     6
         Flail             |       |       |    18 |       ||    18
         Great mace        |       |       |    21 |   201 ||   222
 Invoke: Curse Item        |       |       |     1 |       ||     1
  Evoke: Wand              |       |     3 |    13 |       ||    16
    Use: Potion            |       |     4 |     8 |     1 ||    13
         Scroll            |       |     8 |     3 |     2 ||    13
   Stab: Sleeping          |     7 |    10 |     9 |     1 ||    27
         Distracted        |       |       |     1 |       ||     1
 Armour: Leather armour    |    43 |   109 |       |       ||   152
         Ring mail         |       |    38 |       |       ||    38
         Scale mail        |       |   162 |   314 |   189 ||   665
  Dodge: Dodged            |    33 |   164 |   111 |    58 ||   366
  Block: Other             |       |    60 |    78 |    46 ||   184
         Reflection        |       |       |     1 |     3 ||     4

Table legend: (Time is in decaauts)
 A = Elapsed time spent in this place.
 B = Non-inter-level travel time spent in this place.
 C = Inter-level travel time spent in this place.
 D = Time resting spent in this place.
 E = Time spent auto-exploring this place.
 F = Levels seen in this place.
 G = Mean time per level.
                   A        B        C        D        E       F      G
               +--------+--------+--------+--------+--------+-----+--------+
         Total |  10112 |   9807 |    305 |   1715 |   4854 |  13 |  777.8 |
       Dungeon |   8928 |   8632 |    296 |   1430 |   4814 |  10 |  892.8 |
        Temple |     57 |     48 |      9 |      0 |      7 |   1 |   57.0 |
         Sewer |    662 |    662 |      0 |    126 |      0 |   1 |  662.0 |
        Bailey |    464 |    464 |      0 |    159 |     33 |   1 |  464.0 |
               +--------+--------+--------+--------+--------+-----+--------+

Top non-repeatable levels by time:
     D:6: 1525 daAuts
     D:5: 1090 daAuts
     D:2: 1034 daAuts
     D:8: 947 daAuts
     D:3: 930 daAuts
     D:4: 890 daAuts
    D:10: 784 daAuts
     D:7: 685 daAuts
   Sewer: 662 daAuts
     D:1: 590 daAuts
  Bailey: 464 daAuts
     D:9: 449 daAuts
  Temple: 57 daAuts
